AoeStats
← Churrupito

Arena

504785048Analyzed
3v3 RM · 27d ago on Sep 6, 2026· 40m 32s· 6 players
Game mode
Random Map
Map size
Normal (6 player)
Population
200
Speed
Normal
Resources
Standard
Victory
Conquest
Starting age
Dark Age
Ending age
Imperial Age
RankedLock teamsTeams togetherTeam positionsShared explorationLock speedFull tech treeHidden civsTurbo modeCheats
Victory
Defeat
🇦🇷 Malians · Argentina
1241
+17
🇺🇸 Khmer · United States
1218
+18
🇩🇰 Lithuanians · Denmark
1142
+20
🇸🇪 Persians · Sweden
1275
-20
🇸🇪 Huns · Sweden
1275
-19
🇪🇸 Japanese · Spain
1198
-16
genghis bong
10:17 Feudal Age
13:33 Castle Age
11:40 Double-Bit Axe
12:12 Horse Collar
19:24 Wheelbarrow
19:57 Bow Saw
21:52 Husbandry
21:55 Heavy Plow
22:06 Gold Mining
22:41 Bloodlines
23:15 Loom
23:16 Town Watch
29:35 Hand Cart
29:49 Light Cavalry
33:46 Gold Shaft Mining
33:02 Stone Mining
34:14 Scale Barding Armor
34:20 Forging
37:55 Imperial Age
36:23 Chain Barding Armor
36:38 Iron Casting
37:10 Stone Shaft Mining
39:13 Plate Barding Armor
38:08 Hussar
40:16 Blast Furnace
40:25 Fletching
crips n blyats
10:02 Feudal Age
14:27 Castle Age
12:55 Double-Bit Axe
13:10 Horse Collar
13:37 Stone Mining
15:44 Bow Saw
17:26 Gold Mining
19:57 Wheelbarrow
21:36 Heavy Plow
21:48 Stone Mining
23:45 Loom
24:50 Scale Barding Armor
24:56 Forging
25:08 Hand Cart
26:09 Chain Barding Armor
26:08 Bloodlines
27:34 Husbandry
31:16 Imperial Age
28:32 Town Watch
31:20 Iron Casting
32:09 Stone Shaft Mining
31:39 Elite Leitis
32:56 Plate Barding Armor
33:25 Chemistry
32:37 Masonry
34:47 Conscription
34:06 Light Cavalry
35:53 Scale Mail Armor
35:17 Pikeman
35:58 Squires
35:45 Arson
36:39 Ballistics
36:50 Architecture
36:17 Cavalier
37:58 Hoardings
37:25 Tower Shields
37:45 Chain Mail Armor
39:22 Two-Man Saw
40:05 Winged Hussar
40:40 Fletching
Nitsuga
11:13 Feudal Age
16:09 Castle Age
14:33 Double-Bit Axe
14:43 Horse Collar
17:13 Gold Mining
27:54 Wheelbarrow
27:22 Fletching
31:07 Imperial Age
29:01 Bodkin Arrow
30:07 Ballistics
32:16 Conscription
33:37 Chemistry
34:09 Elite Gbeto
38:17 Gold Shaft Mining
40:59 Padded Archer Armor
JediiMastaah
10:17 Feudal Age
14:33 Castle Age
14:36 Double-Bit Axe
14:32 Horse Collar
21:01 Scale Barding Armor
22:29 Bloodlines
22:19 Husbandry
22:45 Husbandry
23:26 Chain Barding Armor
26:13 Forging
26:12 Stone Mining
30:52 Heavy Plow
36:19 Imperial Age
34:39 Fletching
34:49 Padded Archer Armor
35:42 Bodkin Arrow
36:33 Wheelbarrow
36:29 Ballistics
36:37 Gold Mining
37:29 Parthian Tactics
37:11 Thumb Ring
38:09 Chemistry
38:22 Bracer
39:05 Heavy Cavalry Archer
Falcon
10:23 Feudal Age
11:11 Loom
14:53 Castle Age
13:30 Double-Bit Axe
18:26 Horse Collar
23:30 Bow Saw
23:23 Heavy Plow
26:55 Gold Mining
30:10 Imperial Age
28:16 Wheelbarrow
28:42 Husbandry
28:53 Bloodlines
29:48 Gold Shaft Mining
30:22 Scale Barding Armor
30:28 Forging
29:52 Cavalier
31:23 Crop Rotation
31:56 Two-Man Saw
31:45 Conscription
32:54 Chain Barding Armor
33:10 Iron Casting
32:07 Savar
35:35 Crossbowman
36:19 Kamandaran
38:01 Plate Barding Armor
38:27 Blast Furnace
38:12 Fletching
38:22 Padded Archer Armor
38:56 Ballistics
39:37 Chemistry
Churrupito
11:22 Feudal Age
15:49 Castle Age
14:27 Double-Bit Axe
18:26 Scale Mail Armor
19:00 Man-at-Arms
20:52 Forging
22:29 Chain Mail Armor
22:15 Long Swordsman
23:27 Gambesons
23:34 Gambesons
24:52 Iron Casting
31:05 Gold Mining
31:07 Stone Mining
31:31 Bow Saw
32:02 Pikeman
36:01 Wheelbarrow
39:27 Imperial Age
Connection lost

Rejoining the realm…

Still unreachable

The connection could not be restored.

Session expired

The server has moved on; the page needs a fresh start.